ITL
DETROIT X-WINGS @ BIRMINGHAM BARONS
06/15/2028
 
TOP OF THE 1ST
Detroit X-Wings batting - Pitching for Birmingham Barons : LHP Gonzalo Martínez
Pitching: LHP Gonzalo Martínez
Batting: RHB Júlio López 0-0: Ball
1-0: Ball
2-0: Ground out 4-3 (Groundball, 4MS)
Batting: RHB Gary Witt 0-0: Ball
1-0: Called Strike
1-1: Ball
2-1: Ball
3-1: Base on Balls
Batting: RHB Robby Lewis 0-0: Reached on error, E4 (Groundball, 4)
Gary Witt to second
Batting: LHB Juan Jose Pineda 0-0: SINGLE (Flyball, 8LS)
Gary Witt to third
Robby Lewis to second
Runner from 3rd tries for Home, SAFE, throw made home
Pitching: RHP Stanley Briggs
Batting: LHB Chris Loudermilk 0-0: SINGLE (Flyball, 8LS)
Robby Lewis to third
Juan Jose Pineda to second
Batting: RHB John Moore 0-0: Ball
1-0: Ground out 5-3 (Groundball, 2L)
Robby Lewis scores
Juan Jose Pineda to third
Chris Loudermilk to second
Batting: RHB Enrique Aguilar 0-0: Foul Ball, location: 2F
0-1: SINGLE (Groundball, 6MD)
Juan Jose Pineda scores
Chris Loudermilk to third
Runner from 3rd tries for Home, SAFE, no throw
Batting: RHB Carlos Aguirre 0-0: Called Strike
0-1: SINGLE (Groundball, 4S) (infield hit)
Enrique Aguilar to second
Batting: SHB Felipe Detorres 0-0: Called Strike
0-1: Swinging Strike
0-2: Strikes out looking
Top of the 1st over - 4 run(s), 4 hit(s), 1 error(s), 2 left on base; Detroit 4 - Birmingham 0
BOTTOM OF THE 1ST
Birmingham Barons batting - Pitching for Detroit X-Wings : RHP Joe Hopkins
Pitching: RHP Joe Hopkins
Batting: SHB Tony Echevarría 0-0: Ball
1-0: Ball
2-0: SINGLE (Line Drive, 89S)
Batting: RHB Dave Dawson 0-0: Ball
1-0: Ball
2-0: Ball
3-0: Called Strike
3-1: Base on Balls
Tony Echevarría to second
Batting: RHB Juan Jiménez 0-0: Ball
1-0: Ball
Wild Pitch!
Tony Echevarría to third
Dave Dawson to second
2-0: Called Strike
2-1: Foul Ball, location: 2F
2-2: Strikes out swinging
Batting: RHB Warren Martin 0-0: Fly out, F7 (Line Drive, 7LS)
Runner from 3rd tags up, SCORES, no throw
Batting: LHB Marc May 0-0: Ball
1-0: Called Strike
1-1: Ball
2-1: Foul Ball, location: 2F
2-2: SINGLE (Groundball, 4MD)
Dave Dawson to third
Runner from 3rd tries for Home, SAFE, throw made home
Batting: RHB Peyton Yardley 0-0: Ball
1-0: Foul Ball, location: 2F
1-1: Ball
2-1: Called Strike
2-2: Strikes out swinging
Bottom of the 1st over - 2 run(s), 2 hit(s), 0 error(s), 1 left on base; Detroit 4 - Birmingham 2
TOP OF THE 2ND
Detroit X-Wings batting - Pitching for Birmingham Barons : RHP Stanley Briggs
Batting: RHB Júlio López 0-0: Called Strike
0-1: Bunt for hit - play at first, batter OUT! 5-3
Batting: RHB Gary Witt 0-0: Called Strike
0-1: Ball
1-1: Called Strike
1-2: Foul Ball, location: 2F
1-2: Foul Ball, location: 2F
1-2: Fly out, F8 (Flyball, 8RS)
Batting: RHB Robby Lewis 0-0: Fly out, F9 (Flyball, 9LS)
Top of the 2nd over - 0 run(s), 0 hit(s), 0 error(s), 0 left on base; Detroit 4 - Birmingham 2
BOTTOM OF THE 2ND
Birmingham Barons batting - Pitching for Detroit X-Wings : RHP Joe Hopkins
Batting: LHB John Haney 0-0: Called Strike
0-1: Ball
1-1: Ball
2-1: Ball
3-1: Called Strike
3-2: SINGLE (Groundball, 34D)
Batting: RHB Yujiro Kurihara 0-0: Called Strike
0-1: Called Strike
0-2: SINGLE (Flyball, 8RS)
John Haney to second
Runner from 2nd tries for 3rd, SAFE, throw made to third
Batting: RHB Vicente Elías 0-0: Ball
1-0: Ball
2-0: Foul Ball, location: 2F
2-1: Swinging Strike
2-2: Foul Ball, location: 2F
2-2: Ball
3-2: Base on Balls
Yujiro Kurihara to second
Batting: SHB Tony Echevarría 0-0: Ball
1-0: Ball
2-0: Foul Ball, location: 2F
2-1: Ball
3-1: Called Strike
3-2: Strikes out swinging
Batting: RHB Dave Dawson 0-0: Ball
1-0: Ball
2-0: Called Strike
2-1: Foul Ball, location: 2F
2-2: Ball
3-2: Foul Ball, location: 2F
3-2: Hit by Pitch
John Haney scores
Yujiro Kurihara to third
Vicente Elías to second
Pinch Runner at 1st Jean-Paul St-Pierre:
Batting: RHB Juan Jiménez 0-0: Ball
1-0: Foul Ball, location: 2F
1-1: SINGLE (Line Drive, 9S)
Yujiro Kurihara scores
Vicente Elías to third
Jean-Paul St-Pierre to second
Runner from 3rd tries for Home, SAFE, no throw
Batting: RHB Warren Martin 0-0: Ball
1-0: Foul Ball, location: 2F
1-1: Ball
2-1: Swinging Strike
2-2: Ball
3-2: Strikes out swinging
Batting: LHB Marc May 0-0: Foul Ball, location: 2F
0-1: Reached via error on a dropped throw, E6
Jean-Paul St-Pierre to third
Juan Jiménez to second
Batting: RHB Peyton Yardley 0-0: Called Strike
0-1: Swinging Strike
0-2: Strikes out swinging
Bottom of the 2nd over - 3 run(s), 3 hit(s), 1 error(s), 3 left on base; Detroit 4 - Birmingham 5
TOP OF THE 3RD
Detroit X-Wings batting - Pitching for Birmingham Barons : RHP Stanley Briggs
Now at 2B: Jean-Paul St-Pierre
Batting: LHB Juan Jose Pineda 0-0: Called Strike
0-1: Foul Ball, location: 2F
0-2: Strikes out swinging
Batting: LHB Chris Loudermilk 0-0: Ground out U3 (Groundball, 34S)
Batting: RHB John Moore 0-0: Called Strike
0-1: Swinging Strike
0-2: Ball
1-2: Strikes out looking
Top of the 3rd over - 0 run(s), 0 hit(s), 0 error(s), 0 left on base; Detroit 4 - Birmingham 5
BOTTOM OF THE 3RD
Birmingham Barons batting - Pitching for Detroit X-Wings : RHP Joe Hopkins
Batting: LHB John Haney 0-0: Ball
1-0: Ball
2-0: Called Strike
2-1: Hit by Pitch
Batting: RHB Yujiro Kurihara 0-0: Ball
John Haney steals 2nd base
1-0: Foul Ball, location: 2F
1-1: Ball
2-1: Foul Ball, location: 2F
2-2: Fly out, F8 (Flyball, 8RS)
Batting: RHB Vicente Elías 0-0: Called Strike
0-1: Foul Ball, location: 2F
0-2: Ball
1-2: Ball
2-2: DOUBLE (Flyball, 9)
John Haney scores
Batting: SHB Tony Echevarría 0-0: Called Strike
0-1: Ball
1-1: Foul Ball, location: 2F
1-2: Ball
2-2: Ball
3-2: Base on Balls
Batting: RHB Jean-Paul St-Pierre 0-0: Ball
1-0: Ball
2-0: Called Strike
2-1: Ball
3-1: Foul Ball, location: 2F
3-2: Strikes out swinging
Batting: RHB Juan Jiménez 0-0: Ball
1-0: Called Strike
1-1: Swinging Strike
1-2: Fly out, F9 (Flyball, 9)
Bottom of the 3rd over - 1 run(s), 1 hit(s), 0 error(s), 2 left on base; Detroit 4 - Birmingham 6
TOP OF THE 4TH
Detroit X-Wings batting - Pitching for Birmingham Barons : RHP Stanley Briggs
Batting: RHB Enrique Aguilar 0-0: Called Strike
0-1: Ball
1-1: Foul Ball, location: 2F
1-2: Ball
2-2: Hit by Pitch
Batting: RHB Carlos Aguirre 0-0: Called Strike
0-1: Foul Ball, location: 2F
0-2: Foul Ball, location: 2F
0-2: Ball
1-2: Ball
2-2: Strikes out swinging
Batting: SHB Felipe Detorres 0-0: Called Strike
0-1: Fly out, F9 (Flyball, 9LMF)
Batting: RHB Júlio López 0-0: Called Strike
0-1: Ball
1-1: Fly out, F8 (Flyball, 8RD)
Top of the 4th over - 0 run(s), 0 hit(s), 0 error(s), 1 left on base; Detroit 4 - Birmingham 6
BOTTOM OF THE 4TH
Birmingham Barons batting - Pitching for Detroit X-Wings : RHP Joe Hopkins
Pitching: RHP Felipe Téllez
Batting: RHB Warren Martin 0-0: Called Strike
0-1: Ground out 6-3 (Groundball, 6M)
Batting: LHB Marc May 0-0: Ball
1-0: Ball
2-0: Ball
3-0: Called Strike
3-1: Called Strike
3-2: Foul Ball, location: 2F
3-2: Strikes out swinging
Batting: RHB Peyton Yardley 0-0: Ball
1-0: Called Strike
1-1: Fly out, F9 (Line Drive, 9S)
Bottom of the 4th over - 0 run(s), 0 hit(s), 0 error(s), 0 left on base; Detroit 4 - Birmingham 6
TOP OF THE 5TH
Detroit X-Wings batting - Pitching for Birmingham Barons : RHP Stanley Briggs
Pitching: RHP Ken Lyons
Batting: RHB Gary Witt 0-0: Fly out, F9 (Line Drive, 9)
Batting: RHB Robby Lewis 0-0: Called Strike
0-1: SINGLE (Groundball, 4MD)
Batting: LHB Juan Jose Pineda 0-0: Called Strike
0-1: Foul Ball, location: 2F
0-2: Foul Ball, location: 2F
0-2: Ball
1-2: Fielders Choice at 2nd, 3-6 (Groundball, 34)
Batting: LHB Chris Loudermilk 0-0: Called Strike
0-1: Ball
1-1: Ball
2-1: Ball
3-1: Foul Ball, location: 2F
3-2: Ground out 6-3 (Groundball, 56)
Top of the 5th over - 0 run(s), 1 hit(s), 0 error(s), 1 left on base; Detroit 4 - Birmingham 6
BOTTOM OF THE 5TH
Birmingham Barons batting - Pitching for Detroit X-Wings : RHP Felipe Téllez
Batting: LHB John Haney 0-0: Ball
1-0: Called Strike
1-1: Ball
2-1: Ground out 6-3 (Groundball, 6)
Batting: RHB Yujiro Kurihara 0-0: Called Strike
0-1: Swinging Strike
0-2: Strikes out swinging
Batting: RHB Vicente Elías 0-0: Bunted foul
0-1: Ball
1-1: Foul Ball, location: 2F
1-2: DOUBLE (Line Drive, 8RD)
Batting: SHB Tony Echevarría 0-0: Foul Ball, location: 2F
0-1: Ball
1-1: SINGLE (Flyball, 78S)
Vicente Elías to third
Runner from 3rd tries for Home, SAFE, no throw
Batting: RHB Jean-Paul St-Pierre 0-0: Swinging Strike
0-1: Ball
1-1: Ball
2-1: Ball
3-1: Swinging Strike
3-2: Strikes out swinging
Bottom of the 5th over - 1 run(s), 2 hit(s), 0 error(s), 1 left on base; Detroit 4 - Birmingham 7
TOP OF THE 6TH
Detroit X-Wings batting - Pitching for Birmingham Barons : RHP Ken Lyons
Batting: RHB John Moore 0-0: Ground out 5-3 (Groundball, 56S)
Batting: RHB Enrique Aguilar 0-0: Ball
1-0: Called Strike
1-1: Ball
2-1: Called Strike
2-2: Ground out 4-3 (Groundball, 4)
Batting: RHB Carlos Aguirre 0-0: Ball
1-0: Swinging Strike
1-1: Ball
2-1: Called Strike
2-2: Ball
3-2: Foul Ball, location: 2F
3-2: Ground out 1-3 (Groundball, 15S)
Top of the 6th over - 0 run(s), 0 hit(s), 0 error(s), 0 left on base; Detroit 4 - Birmingham 7
BOTTOM OF THE 6TH
Birmingham Barons batting - Pitching for Detroit X-Wings : RHP Felipe Téllez
Pitching: LHP Richard Dorris
Batting: RHB Juan Jiménez 0-0: DOUBLE (Line Drive, 7LM)
Batting: RHB Warren Martin 0-0: Called Strike
0-1: Ground out 5-3 (Groundball, 56)
Batting: LHB Marc May 0-0: Ball
1-0: Ball
2-0: Ground out U3 (Groundball, 34)
Juan Jiménez to third
Batting: RHB Peyton Yardley 0-0: Ground out 6-3 (Groundball, 6)
Bottom of the 6th over - 0 run(s), 1 hit(s), 0 error(s), 1 left on base; Detroit 4 - Birmingham 7
TOP OF THE 7TH
Detroit X-Wings batting - Pitching for Birmingham Barons : RHP Ken Lyons
Batting: SHB Felipe Detorres 0-0: Foul Ball, location: 2F
0-1: Ground out 4-3 (Groundball, 4)
Batting: RHB Júlio López 0-0: Ball
1-0: SINGLE (Line Drive, 34)
Pitching: LHP Richard Simpson
Batting: RHB Gary Witt 0-0: Hit by Pitch
Júlio López to second
Batting: RHB Robby Lewis 0-0: Foul Ball, location: 2F
0-1: Foul Ball, location: 2F
0-2: Strikes out swinging
Batting: LHB Juan Jose Pineda 0-0: Called Strike
0-1: Ball
1-1: Swinging Strike
1-2: Strikes out looking
Top of the 7th over - 0 run(s), 1 hit(s), 0 error(s), 2 left on base; Detroit 4 - Birmingham 7
BOTTOM OF THE 7TH
Birmingham Barons batting - Pitching for Detroit X-Wings : LHP Richard Dorris
Batting: LHB John Haney 0-0: Ground out 6-3 (Groundball, 6)
Batting: RHB Yujiro Kurihara 0-0: Called Strike
0-1: Ground out 5-3 (Groundball, 56S)
Batting: RHB Vicente Elías 0-0: Called Strike
0-1: Foul Ball, location: 2F
0-2: SINGLE (Line Drive, 4D)
Batting: SHB Tony Echevarría 0-0: Foul Ball, location: 2F
0-1: Fielders Choice at 2nd, 6-4 (Groundball, 6)
Bottom of the 7th over - 0 run(s), 1 hit(s), 0 error(s), 0 left on base; Detroit 4 - Birmingham 7
TOP OF THE 8TH
Detroit X-Wings batting - Pitching for Birmingham Barons : LHP Richard Simpson
Batting: LHB Chris Loudermilk 0-0: SINGLE (Groundball, 34D)
Pitching: RHP Félix Andrade
Batting: RHB John Moore 0-0: Ball
1-0: Foul Ball, location: 2F
1-1: SINGLE (Line Drive, 6MD)
Chris Loudermilk to second
Batting: RHB Enrique Aguilar 0-0: Ball
1-0: Called Strike
1-1: Grounds into double play, 6-4-3 (Groundball, 6)
Chris Loudermilk to third
Batting: RHB Carlos Aguirre 0-0: Swinging Strike
0-1: Foul Ball, location: 2F
0-2: Strikes out swinging
Top of the 8th over - 0 run(s), 2 hit(s), 0 error(s), 1 left on base; Detroit 4 - Birmingham 7
BOTTOM OF THE 8TH
Birmingham Barons batting - Pitching for Detroit X-Wings : LHP Richard Dorris
Batting: RHB Jean-Paul St-Pierre 0-0: Ball
1-0: Called Strike
1-1: Ball
2-1: Ball
3-1: Foul Ball, location: 2F
3-2: Ground out 5-3 (Groundball, 5S)
Batting: RHB Juan Jiménez 0-0: Swinging Strike
0-1: Called Strike
0-2: Ball
1-2: Fly out, F8 (Flyball, 8RD)
Batting: RHB Warren Martin 0-0: Ball
1-0: Ball
2-0: Ball
3-0: Called Strike
3-1: Fly out, F3 (Popup, 3L)
Bottom of the 8th over - 0 run(s), 0 hit(s), 0 error(s), 0 left on base; Detroit 4 - Birmingham 7
TOP OF THE 9TH
Detroit X-Wings batting - Pitching for Birmingham Barons : RHP Félix Andrade
Pitching: RHP Pedro Valdés
Batting: SHB Felipe Detorres 0-0: Called Strike
0-1: Ball
1-1: Foul Ball, location: 2F
1-2: Strikes out looking
Batting: RHB Júlio López 0-0: Called Strike
0-1: Ball
1-1: Ball
2-1: Foul Ball, location: 2F
2-2: Fly out, F4 (Line Drive, 4M)
Batting: RHB Gary Witt 0-0: Foul Ball, location: 2F
0-1: Fly out, F9 (Flyball, 9LD)
Top of the 9th over - 0 run(s), 0 hit(s), 0 error(s), 0 left on base; Detroit 4 - Birmingham 7
Tuesday, August 8th, 2017 - OOTP Baseball 17.12 Build 75